 Dungeon Crawl Stone Soup version 0.27.0-1-g7a089689b8 (webtiles) character file.

Game seed: 14748727982646196068

24 gimp the Chopper (level 3, 0/30 HPs)
             Began as a Barachi Chaos Knight on Aug 3, 2021.
             Was a Plaything of Xom.
             Succumbed to an adder's poison
             ... on level 2 of the Dungeon.
             The game lasted 00:01:09 (799 turns).

gimp the Chopper (Barachi Chaos Knight)              Turns: 799, Time: 00:01:10

Health: 0/30       AC:  5    Str: 14    XL:     3   Next: 2%
Magic:  3/3        EV: 11    Int: 12    God:    Xom [..*...]
Gold:   7          SH:  0    Dex: 11    Spells: 2/2 levels left

rFire    . . .     SeeInvis .   a - +0 hand axe (chaos)
rCold    . . .     Faith    .   (no shield)
rNeg     . . .     Spirit   .   b - +2 leather armour
rPois    .         Reflect  .   (no helmet)
rElec    .         Harm     .   (no cloak)
rCorr    .         Rampage  .   (no gloves)
Will     .....                  (no boots)
Stlth    +.........             (no amulet)
HPRegen  0.10/turn              (no ring)
MPRegen  0.08/turn              (no ring)

@: lethally poisoned (0 -> -13), unable to hop, slow
A: amphibious, slowness 1, strong legs 1, +LOS
a: Hop, Renounce Religion


You were on level 2 of the Dungeon.
You worshipped Xom.
You were a toy of Xom.
You visited 1 branch of the dungeon, and saw 2 of its levels.

You collected 7 gold pieces.

Inventory:

Hand Weapons
 a - a +0 hand axe of chaos (weapon)
Missiles
 f - 2 throwing nets
Armour
 b - a +2 leather armour (worn)
Scrolls
 c - a scroll of identify {unknown}
 d - a scroll of enchant weapon {unknown}
 e - a scroll of noise {unknown}
 g - a scroll of magic mapping {unknown}


   Skills:
 + Level 4.1 Fighting
 * Level 4.1 Axes
 - Level 2.4 Armour
 - Level 1.1 Dodging


You had 2 spell levels left.
You didn't know any spells.
Your spell library was empty.

Dungeon Overview and Level Annotations

Branches:
Dungeon (2/15)

Altars:


Innate Abilities, Weirdness & Mutations

You are amphibious.
You cover ground slowly.
You can hop short distances.
You have an extended range of vision and can be seen from far away.


Message History

You completely miss the ball python.
The ball python is severely wounded.
You hit the adder.
You feel sick. The ball python misses you. The ball python grabs you.
The ball python constricts you. The adder bites you but does no damage.
You take 2 damage, and have 22/30 hp.
You closely miss the ball python.
The ball python is severely wounded.
You hit the adder.
The adder is poisoned.
You feel sick. The ball python misses you. The ball python constricts you.
The adder bites you. The ball python barely misses you.
The ball python constricts you. The adder bites you.
You are more poisoned.
The adder poisons you!
You take 9 damage, and have 13/30 hp.
MASSIVE DAMAGE!!
You are too injured to fight recklessly!
You are too injured to fight recklessly!
The ball python's grasp on you weakens, but your attempt to escape fails.
You feel very sick. The ball python bites you.
* * * LOW HITPOINT WARNING * * *
The ball python constricts you. The adder barely misses you.
You take 5 damage, and have 8/30 hp.
You aren't carrying any potions.
You aren't carrying any items that you can evoke.
Unknown command.
Hop to where?
Press: ? - help, Dir - move target You escape the ball python's grasp.
Boing!
* * * LOW HITPOINT WARNING * * *
You feel sick. The adder bites you.
* * * LOW HITPOINT WARNING * * *
You are more poisoned.
The adder poisons you!
Found a stone staircase leading up.
You take 4 damage, and have 4/30 hp.
You aren't carrying any potions.
Unknown command.
Okay, then.
You die...
Xom chortles!

#.. . .# #.######. ##.#
.....##.. ...# #.##.##.#
#..# ### #.##.##.#
#..###.... #.##.##.#
##......... ##.##.##.#
#.S.....# ##...#.##.#
#..S..###
#.........####@#.......<
#....#.##......###.#####
#.#.##.##.###### .#
#.#.##.##.# #
#.#.##.##)#
###†#.##.##.#
.........##.#
###.#.#####.# #.#.# #.#


You could see an adder (very poisoned) and a ball python.

Vanquished Creatures
  A dart slug (D:1)
  2 endoplasms (D:1)
  4 goblins (D:1)
  2 hobgoblins (D:1)
  A ball python (D:1)
  2 bats (D:1)
  3 frilled lizards
  3 kobolds
  4 rats (D:1)
22 creatures vanquished.

Notes
Turn   | Place    | Note
-------+----------+-------------------------------------------
     0 | D:1      | gimp the Barachi Chaos Knight began the quest for the Orb.
     0 | D:1      | Reached XP level 1. HP: 18/18 MP: 1/1
   235 | D:1      | Reached XP level 2. HP: 25/25 MP: 2/2
   743 | D:1      | XOM: silly message
   758 | D:1      | You fall into a shaft and drop 1 floor!
   781 | D:2      | Reached XP level 3. HP: 30/30 MP: 3/3
   799 | D:2      | Succumbed to an adder's poison

Illustrated notes

Levels and vault maps discovered:
D:1:      dpeg_arrival_subterranean_lakeside_camping, layout_basic
D:2:      layout_loops_ring, ebering_ecumenical_altar_box,
          kennysheep_cross_bottleneck

Skill      XL: |  1  2 |
---------------+-------+-----
Fighting       | 4 |  4.1
Axes           | 4 |  4.1
Armour         | |  2.4
Dodging        | |  1.1

Action                   || total
-------------------------++-------
Melee: Hand axe          ||    62
 Abil: Hop               ||     1
Armor: Leather armour    ||    20
Dodge: Dodged            ||    38
